AoeStats
← travelinglemon

Black Forest

506557835Analyzed
1v1 RM · 19d ago on Sep 14, 2026· 42m 41s· 2 players
Game mode
Random Map
Map size
Tiny (2 player)
Population
200
Speed
Normal
Resources
Standard
Victory
Conquest
Starting age
Dark Age
Ending age
Imperial Age
RankedLock teamsTeams togetherTeam positionsShared explorationLock speedFull tech treeHidden civsTurbo modeCheats
Victory
Defeat
🇨🇱 Muisca · Chile
1008
+16
🇺🇸 Teutons · United States
1000
-48
travelinglemon
8:14 Loom
15:17 Feudal Age
19:34 Horse Collar
19:41 Double-Bit Axe
21:08 Gold Mining
21:13 Stone Mining
26:26 Castle Age
30:58 Wheelbarrow
39:26 Stone Shaft Mining
43:53 Imperial Age
SK Ark
10:15 Feudal Age
10:21 Champi Runner
20:30 Double-Bit Axe
20:29 Horse Collar
23:15 Castle Age
21:14 Fletching
21:27 Scale Mail Armor
21:38 Forging
21:41 Gold Mining
21:49 Stone Mining
23:16 Champi Warrior
24:00 Squires
24:18 Chain Mail Armor
24:39 Iron Casting
27:10 Bow Saw
37:44 Imperial Age
35:32 Heavy Plow
35:35 Fletching
35:46 Padded Archer Armor
36:50 Stone Shaft Mining
36:58 Wheelbarrow
37:11 Bodkin Arrow
37:32 Leather Archer Armor
37:35 Thumb Ring
38:24 Hand Cart
38:15 Treadmill Crane
39:51 Two-Man Saw
40:01 Ballistics
39:52 Bracer
40:45 Siege Engineers
42:36 Chemistry
41:58 Huaracas
Connection lost

Rejoining the realm…

Still unreachable

The connection could not be restored.

Session expired

The server has moved on; the page needs a fresh start.